Map: Lightshade LE

Players

SpeCial - Winner!

  • Race: Terran Terran
  • League: Master

Kelazhur

  • Race: Terran Terran

Event: DreamHack SC2 Masters 2021 Summer

VOD

Have the link to the VOD?

Description

Time

  • Played on: May 22, 2021, 3:18 p.m.
  • Length: 8:45

All games in this series

Show
View Real Time Build Order
Export as new Build Order

SpeCial Terran - Winner!

Build Orders: Cyclone Opening 

Get SALT Encoding   

  12  0:00  SCV  
  13  0:12  SCV  
  14  0:17  Supply Depot  
  14  0:24  SCV  
  15  0:39  SCV  
  15  0:40  Barracks  
  16  0:42  Refinery  
  16  0:51  SCV  
  16  0:52  Refinery  
  17  1:03  SCV  
  18  1:15  SCV  
  19  1:28  Orbital Command, Reaper, Supply Depot  
  20  1:41  Factory  
  20  1:54  SCV  
  21  2:00  Reaper  
  22  2:06  SCV  
  23  2:18  SCV  
  23  2:22  Command Center  
  24  2:27  Factory Tech Lab  
  24  2:34  SCV  
  24  2:36  Starport  
  24  2:46  SCV  
  24  2:49  Supply Depot  
  25  2:51  Cyclone  
  25  2:57  Barracks Tech Lab  
  29  2:58  SCV  
  29  3:10  SCV  
  29  3:22  SCV  
  29  3:23  Banshee  
  32  3:33  Cyclone  
  35  3:34  SCV  
  35  3:41  Refinery  
  36  3:43  Barracks Reactor  
  36  3:46  SCV  
  36  3:47  Orbital Command  
  37  3:59  SCV  
  37  4:02  Command Center  
  38  4:11  SCV  
  38  4:13  SCV  
  38  4:16  Raven  
  42  4:20  Marine x2  
  42  4:23  SCV  
  45  4:25  SCV  
  45  4:29  Supply Depot  
  46  4:32  Siege Tank  
  46  4:35  SCV  
  50  4:39  SCV  
  50  4:40  Marine x2  
  53  4:47  SCV  
  53  4:51  Supply Depot, SCV  
  55  4:58  Marine x2  
  55  4:59  SCV  
  58  5:01  Raven  
  58  5:03  SCV  
  61  5:11  SCV  
  61  5:13  Siege Tank  
  65  5:16  Marine x2  
  65  5:17  Orbital Command  
  65  5:20  Refinery, SCV  
  65  5:23  SCV  
  66  5:32  SCV  
  67  5:35  SCV  
  67  5:36  Barracks  
  67  5:40  Barracks, Orbital Command  
  68  5:45  SCV  
  68  5:47  SCV  
  70  5:52  Marine  
  70  5:53  Viking x2  
  70  5:54  Stimpack  
  70  5:57  Supply Depot, SCV  
  76  6:00  Siege Tank, SCV  
  80  6:05  Engineering Bay  
  80  6:06  SCV  
  80  6:09  SCV  
  80  6:10  Marine  
  83  6:12  SCV  
  83  6:14  Engineering Bay  
  84  6:19  SCV  
  84  6:21  SCV  
  84  6:23  Viking  
  84  6:24  SCV  
  84  6:25  Viking  
  91  6:27  Barracks Reactor x2  
  91  6:31  SCV  
  91  6:33  SCV  
  91  6:36  SCV  
  93  6:43  Supply Depot  
  93  6:52  Supply Depot x2  
  93  6:53  Marine  
  93  7:05  SCV x3  
  93  7:06  Siege Tank  
  99  7:10  Marine  
  99  7:13  Marine  
  99  7:15  Marine x3  
  104  7:17  SCV x3  
  107  7:24  Refinery  
  107  7:25  Refinery  
  107  7:28  Marine  
  107  7:29  SCV x2  
  110  7:30  Barracks  
  110  7:31  Barracks, Marine  
  110  7:32  Marine  
  110  7:33  Viking  
  110  7:37  Viking  
  116  7:40  Supply Depot  
  116  7:42  Supply Depot  
  116  7:47  SCV  
  117  8:01  Marine x4  
  117  8:02  Siege Tank, SCV  
  117  8:03  SCV x2  
  117  8:04  Supply Depot  
  127  8:12  Medivac x2  
  129  8:14  SCV  
  129  8:16  SCV  
  129  8:19  Barracks Reactor x2  
  133  8:26  Marine, SCV x2  
Show
View Real Time Build Order
Export as new Build Order

Kelazhur Terran 

Build Orders:  

Get SALT Encoding   

  12  0:00  SCV  
  13  0:12  SCV  
  14  0:17  Supply Depot  
  14  0:24  SCV  
  15  0:39  SCV  
  15  0:40  Barracks  
  16  0:43  Refinery  
  16  0:51  SCV  
  16  0:53  Refinery  
  17  1:03  SCV  
  18  1:15  SCV  
  19  1:28  Orbital Command, Reaper  
  20  1:34  Supply Depot  
  20  1:41  Factory  
  21  1:54  SCV  
  21  2:00  Reaper  
  22  2:06  SCV  
  23  2:18  Command Center  
  23  2:19  SCV  
  24  2:26  Hellion  
  26  2:31  SCV  
  26  2:32  Reaper  
  28  2:39  Starport  
  27  2:45  Supply Depot  
  27  2:49  Hellion  
  29  2:51  SCV  
  30  3:03  SCV  
  30  3:11  Barracks Reactor  
  29  3:14  Factory Tech Lab  
  29  3:15  SCV  
  30  3:29  Starport Tech Lab, SCV  
  30  3:33  Cyclone  
  34  3:37  Refinery  
  34  3:40  Orbital Command  
  34  3:41  SCV  
  34  3:47  Marine x2  
  37  3:53  Raven, SCV  
  40  3:57  Supply Depot  
  40  4:05  Marine x2, SCV  
  40  4:09  Cyclone  
  46  4:12  SCV  
  47  4:17  SCV  
  47  4:18  Supply Depot  
  47  4:22  Marine x2  
  50  4:25  SCV  
  50  4:29  SCV  
  52  4:36  Raven  
  52  4:37  SCV  
  54  4:43  SCV  
  54  4:49  SCV  
  54  4:50  Siege Tank  
  54  4:51  Marine x2  
  60  4:55  SCV  
  60  4:58  Supply Depot  
  61  5:01  SCV  
  62  5:07  SCV  
  62  5:13  SCV  
  64  5:19  SCV  
  63  5:29  Siege Tank, Command Center  
  63  5:31  SCV  
  67  5:35  Stimpack  
  67  5:37  Viking  
  67  5:39  Viking  
  70  5:43  SCV x2  
  70  5:47  Supply Depot  
  72  5:54  Supply Depot  
  72  5:55  SCV x2  
  74  5:57  Marine  
  75  6:05  Siege Tank  
  75  6:08  Refinery  
  75  6:09  Viking, SCV  
  81  6:12  Viking  
  81  6:17  Supply Depot  
  83  6:24  SCV  
  81  6:29  SCV  
  81  6:34  Marine  
  81  6:36  SCV  
  81  6:37  Siege Tank  
  81  6:39  Barracks  
  86  6:40  Barracks, Orbital Command  
  86  6:42  SCV  
  83  6:48  SCV  
  84  6:57  Viking x2  
  84  7:01  SCV  
  89  7:03  SCV  
  90  7:13  SCV  
  86  7:15  SCV  
  86  7:16  Orbital Command  
  86  7:17  Marine  
  88  7:25  SCV  
  88  7:27  Viking x2, SCV  
  88  7:29  Barracks Reactor x2  
  94  7:33  Engineering Bay  
  94  7:35  Barracks, Engineering Bay  
  94  7:36  Barracks  
  94  7:37  Marine, SCV  
  94  7:39  Siege Tank  
  94  7:41  SCV  
  100  7:46  SCV  
  100  7:49  SCV  
  102  7:53  SCV  
  102  7:56  Refinery  
  102  7:57  Refinery  
  103  7:58  SCV  
  103  8:01  SCV  
  103  8:02  Marine  
  105  8:05  SCV  
  105  8:08  Sensor Tower  
  105  8:11  SCV  
  105  8:13  Medivac x2, SCV  
  105  8:17  SCV  
  111  8:23  Marine x4, SCV  
  111  8:24  Barracks Reactor  
  111  8:25  Barracks Reactor, SCV  
  115  8:29  SCV  
Tags
 
Add a new tag
Caveats
  • Supply blocks, unpowered buildings, or Contaminate may cause inaccurate times.
  • Supply counts are checked every 10 seconds.